 Dungeon Crawl Stone Soup version 0.30-a0-802-gb92711bcdf (webtiles) character file.

Game seed: 4193197575678914983

1486 Pimp the Covered (level 8, -1/73 HPs)
             Began as a Minotaur Fighter on Feb 24, 2023.
             Slain by Duvessa
             ... wielding a +1 short sword of electrocution
              (17 damage)
             ... on level 5 of the Dungeon.
             The game lasted 00:06:58 (3845 turns).

Pimp the Covered (Minotaur Fighter)                 Turns: 3845, Time: 00:06:59

Health: -1/73      AC: 14    Str: 24    XL:     8   Next: 50%
Magic:  7/7        EV:  9    Int:  5    God:
Gold:   250        SH:  6    Dex: 15    Spells: 7/7 levels left

rFire   . . .      SeeInvis .    a - +1 war axe
rCold   . . .      Faith    .    c - +0 buckler
rNeg    . . .      Spirit   .    b - +0 scale mail
rPois   .          Reflect  .    (helmet restricted)
rElec   .          Harm     .    (no cloak)
rCorr   .          Rampage  .    q - +0 pair of gloves
Will    .....                    i - +0 pair of boots Stlth
                                 p - amulet of the acrobat
HPRegen 0.32/turn                e - +6 ring of dexterity
MPRegen 0.10/turn                d - +4 ring of protection

@: lethally poisoned (-1 -> -4), lit by a corona, hasted, glowing, very quick
A: horns 2, retaliatory headbutt
a: no special abilities


You were on level 5 of the Dungeon.
You visited 1 branch of the dungeon, and saw 7 of its levels.
You also visited: Ossuary.

You collected 250 gold pieces.

Inventory:

Hand Weapons
 a - a +1 war axe (weapon)
Missiles
 k - 5 javelins (quivered)
Armour
 b - a +0 scale mail (worn)
 c - a +0 buckler (worn)
 i - a +0 pair of boots (worn)
 q - a +0 pair of gloves (worn)
 z - a +0 plate armour
Jewellery
 d - a +4 ring of protection (right hand)
 e - a +6 ring of dexterity (left hand)
 l - a ring of magical power
 n - a ring of protection from cold
 p - an amulet of the acrobat (around neck)
 x - a ring of protection from fire
Wands
 w - a wand of digging (1)
 y - a wand of flame (27)
Scrolls
 h - a scroll of teleportation
 j - a scroll of silence
 s - 2 scrolls of amnesia
 v - 5 scrolls of identify
Potions
 f - a potion of haste
 g - 2 potions of attraction
 m - 3 potions of curing
 o - 2 potions of degeneration
 r - a potion of heal wounds
 t - 2 potions of cancellation
 u - 3 potions of might
 A - a potion of resistance {unknown}


   Skills:
 + Level 7.3 Fighting
 + Level 6.8 Axes
 + Level 7.3 Armour
 + Level 7.3 Shields


You had 7 spell levels left.
You didn't know any spells.
Your spell library contained the following spells:

 Spells                   Type           Power      Damage    Failure   Level
 Ensorcelled Hibernation  Hex/Ice        0%         N/A       92%         2
 Sublimation of Blood     Necr           0%         N/A       92%         2
 Wereblood                Tmut           0%         N/A       92%         2
 Spider Form              Tmut/Pois      0%         N/A       99%         3
 Stone Arrow              Conj/Erth      0%         3d7       99%         3
 Anguish                  Hex/Necr       0%         N/A       100%        4
 Animate Armour           Summ/Erth      0%         N/A       100%        4
 Animate Dead             Necr           0%         N/A       100%        4
 Borgnjor's Vile Clutch   Necr/Erth      0%         N/A       100%        5
 Death Channel            Necr           0%         N/A       100%        6
 Summon Hydra             Summ           0%         N/A       100%        7
 Lehudib's Crystal Spear  Conj/Erth      0%         10d2      100%        8


Dungeon Overview and Level Annotations

Branches:
Dungeon (7/15)            Ossuary (visited)
 Temple: D:4-7

Altars:
Gozag
Nemelex Xobeh

Annotations:
D:5 Duvessa


Innate Abilities, Weirdness & Mutations

You have a pair of horns on your head.
You reflexively headbutt those who attack you in melee.


Message History

You feel sick.
Duvessa, Sister of Dowan comes into view.
She is wielding a +1 short sword of electrocution.
You feel sick.
Duvessa shouts!
You block Dowan's attack.
You closely miss Dowan.
Dowan is moderately wounded.
You feel sick. Dowan barely misses you.
Duvessa says, "Where magic fails, the sword succeeds!"
You hit Dowan.
Dowan is moderately wounded.
You feel sick. Dowan hits you but does no damage.
You are more poisoned.
You hit Dowan. You headbutt Dowan.
Dowan is severely wounded.
You feel very sick.
You slash Dowan!
You kill Dowan!
Duvessa screams, "No!
How DARE you!"
Duvessa goes berserk!
You feel sick. You block Duvessa's attack.
You hit Duvessa.
Duvessa is lightly wounded.
You feel sick.
Duvessa hits you with a +1 short sword of electrocution!
You are electrocuted!
* * * LOW HITPOINT WARNING * * *
You hit Duvessa. You headbutt Duvessa!
Duvessa is moderately wounded.
You feel sick. Duvessa barely misses you. You furiously retaliate!
You headbutt Duvessa. You slash Duvessa! You headbutt Duvessa.
Duvessa is severely wounded.
You feel sick. Duvessa hits you but does no damage.
You slash Duvessa! Your headbutt misses Duvessa.
Duvessa is almost dead.
You feel sick.
Duvessa hits you with a +1 short sword of electrocution.
* * * LOW HITPOINT WARNING * * *
You are electrocuted!
You die...

######### .
#.....e.# #########
. # #@#
#.......###...
####.# #.##.......#
#....###.##.##.##.#
#.#.........##.##.#
#
##.###.#####.##.###
...# #.............
#.####
#######.##.##. #
#.##.##. #.##..#.


You could see Duvessa (berserk).

Vanquished Creatures
  A wyvern (D:7)
  An orc warrior (D:6)
  A black bear (D:6)
  2 phantoms
  2 elf zombies (Ossuary)
  2 scorpions
  3 bullfrogs (D:6)
  Dowan (D:5)
  A howler monkey (D:6)
  2 jellies
  An orc priest (D:5)
  A human zombie (Ossuary)
  3 orc wizards
  A hound zombie (Ossuary)
  4 mummies (Ossuary)
  10 adders
  4 gnolls (D:4)
  2 worms
  16 orcs
  4 ball pythons
  9 endoplasms
  A giant cockroach (D:1)
  7 goblins
  3 hobgoblins
  2 jackals (D:3)
  3 quokkas
  5 bats
  8 frilled lizards
  A gnoll zombie (Ossuary)
  A goblin zombie (Ossuary)
  A hobgoblin zombie (Ossuary)
  A jackal zombie (Ossuary)
  6 kobolds
  A kobold zombie (Ossuary)
  An orc zombie (Ossuary)
  6 rats
  2 rat zombies (Ossuary)
120 creatures vanquished.

Notes
Turn   | Place    | Note
-------+----------+-------------------------------------------
     0 | D:1      | Pimp the Minotaur Fighter began the quest for the Orb.
     0 | D:1      | Reached XP level 1. HP: 19/19 MP: 0/0
   130 | D:1      | Reached XP level 2. HP: 25/27 MP: 1/1
   412 | D:2      | Reached XP level 3. HP: 31/33 MP: 2/2
   897 | D:2      | Identified the +2 dagger of Circularity {drain, rC++ SInv}
  1221 | D:3      | Reached XP level 4. HP: 38/41 MP: 3/3
  1511 | D:3      | Found a sparkling altar of Nemelex Xobeh.
  2073 | D:4      | Noticed a phantom
  2079 | D:4      | Killed a phantom
  2080 | D:4      | Reached XP level 5. HP: 42/47 MP: 4/4
  2181 | D:4      | Reached skill level 5 in Armour
  2181 | D:4      | Reached skill level 5 in Shields
  2385 | D:4      | Reached skill level 5 in Fighting
  2391 | D:4      | Reached XP level 6. HP: 50/56 MP: 5/5
  2738 | D:5      | Entered Level 5 of the Dungeon
  2845 | D:5      | Found a sand-covered staircase.
  2850 | Ossuary  | Entered an ossuary
  2879 | Ossuary  | Reached skill level 5 in Axes
  2909 | Ossuary  | Reached XP level 7. HP: 62/62 MP: 6/6
  3139 | D:6      | Found an opulent altar of Gozag.
  3418 | D:7      | Noticed a wyvern
  3431 | D:7      | Killed a wyvern
  3432 | D:7      | Reached XP level 8. HP: 38/71 MP: 7/7
  3824 | D:5      | Noticed Dowan
  3837 | D:5      | Noticed Duvessa
  3841 | D:5      | Killed Dowan
  3845 | D:5      | Slain by Duvessa

Illustrated notes

Levels and vault maps discovered:
D:1:      tarquinn_simple_flora_water_c, layout_rooms, minmay_lizard_pond
D:2:      layout_basic
D:3:      layout_loops_corners, overflow_temple_1_default, grunt_decor_cap,
          chequers_arboretum
D:4:      layout_basic, chequers_serial_rivers_micro_d
D:5:      minmay_bubble_buster, layout_loops_cross, enter_ossuary_2,
          uniq_duvessa
D:6:      layout_cave_pools, pdpol_temple_overflow_zin_treasury_gozag_greed
D:7:      layout_loops_ring, temple_green

Skill      XL: |  1  2  3  4  5  6  7  8 |
---------------+-------------------------+-----
Armour         | 4 5 6 7 |  7.3
Fighting       | 4 5 6 7 |  7.3
Axes           | 3 4 5 6 |  6.8
Shields        | 4 5 6 7 |  7.3

Action                     |  1- 3 |  4- 6 |  7- 9 || total
---------------------------+-------+-------+-------++-------
  Melee: War axe           |    82 |    87 |   113 ||   282
         Headbutt          |     9 |    20 |    26 ||    55
    Use: Potion            |       |     2 |     1 ||     3
         Scroll            |       |     5 |     6 ||    11
 Armour: Scale mail        |    47 |    52 |    64 ||   163
  Dodge: Dodged            |    39 |    46 |    53 ||   138
  Block: Buckler           |    24 |    27 |    28 ||    79

Table legend: (Time is in decaauts)
 A = Elapsed time spent in this place.
 B = Non-inter-level travel time spent in this place.
 C = Inter-level travel time spent in this place.
 D = Time resting spent in this place.
 E = Time spent auto-exploring this place.
 F = Levels seen in this place.
 G = Mean time per level.
                   A        B        C        D        E       F      G
               +--------+--------+--------+--------+--------+-----+--------+
         Total |   3908 |   3830 |     78 |    344 |   2586 |   8 |  488.5 |
       Dungeon |   3674 |   3596 |     78 |    326 |   2485 |   7 |  524.9 |
       Ossuary |    233 |    233 |      0 |     18 |    101 |   1 |  233.0 |
               +--------+--------+--------+--------+--------+-----+--------+

Top non-repeatable levels by time:
     D:3: 913 daAuts
     D:4: 743 daAuts
     D:2: 702 daAuts
     D:1: 413 daAuts
     D:5: 363 daAuts
     D:7: 305 daAuts
 Ossuary: 233 daAuts
     D:6: 233 daAuts
